 Dungeon Crawl Stone Soup version 0.28-a0-425-gd0eccab798 (webtiles) character file.

Game seed: 3189908265266020453

26 heikuro the Shield-Bearer (level 3, -9/29 HPs)
             Began as a Formicid Fighter on Sept 10, 2021.
             Mangled by a goblin (18 damage)
             ... on level 1 of the Dungeon.
             The game lasted 00:01:09 (746 turns).

heikuro the Shield-Bearer (Formicid Fighter)         Turns: 746, Time: 00:01:09

Health: -9/29      AC:  6    Str: 21    XL:     3   Next: 22%
Magic:  3/3        EV:  9    Int:  7    God:
Gold:   5          SH:  4    Dex: 10    Spells: 2/2 levels left

rFire   . . .      SeeInvis +   a - +0 long sword
rCold   . . .      Faith    .   c - +0 buckler
rNeg    . . .      Spirit   .   b - +0 scale mail
rPois   .          Reflect  .   (helmet unavailable)
rElec   .          Harm     .   (no cloak)
rCorr   .          Rampage  .   (no gloves)
Will    .....                   (no boots)
Stlth   ..........              (no amulet)
HPRegen 0.09/turn               e - ring of flight
MPRegen 0.08/turn               (no ring)

@: flying
A: permanent stasis, dig shafts and tunnels, antennae 3, four strong arms
a: Dig, Shaft Self


You were on level 1 of the Dungeon.
You visited 1 branch of the dungeon, and saw 1 of its levels.

You collected 5 gold pieces.

Inventory:

Hand Weapons
 a - a +0 long sword (weapon)
Armour
 b - a +0 scale mail (worn)
 c - a +0 buckler (worn)
Jewellery
 e - a ring of flight (left hand)
 g - a +4 ring of protection
Potions
 d - a potion of might
 f - a potion of curing {unknown}


   Skills:
 + Level 3.6 Fighting
 * Level 2.8 Long Blades
 + Level 3.6 Armour
 - Level 3.6 Shields


You had 2 spell levels left.
You didn't know any spells.
Your spell library contained the following spells:

 Spells                   Type           Power      Damage    Failure   Level
 Dazzling Flash           Conj/Hex       0%         N/A       98%         3
 Iskenderun's Mystic Bla  Conj/Tloc      0%         2d3       100%        4
 Starburst                Conj/Fire      0%         6d3       100%        6


Dungeon Overview and Level Annotations

Branches:
Dungeon (1/15)

Altars:


Innate Abilities, Weirdness & Mutations

You cannot be hasted, slowed, berserked, paralysed or teleported.
You can dig through walls and to a lower floor.
You have a pair of large antennae on your head. (SInv)
Your four strong arms can wield two-handed weapons with a shield.


Message History

You barely miss the bat. The bat closely misses you.
You block the bat's attack. The bat hits you but does no damage.
You block the bat's attack.
You miss the bat. The bat closely misses you.
No target in view!
No target in view!
No target in view!
You block the bat's attack.
You hit the bat.
You kill the bat!
No target in view!
No target in view!
No target in view!
Found 18 stones.
You see here 18 stones.
Found a stone staircase leading down.
You sense a monster nearby.
There is a stone staircase leading down here.
A rat comes into view.
There is a stone staircase leading down here.
You closely miss the rat. The rat barely misses you.
The rat bites you but does no damage.
You slash the rat!
You kill the rat!
No target in view!
No target in view!
There is a stone staircase leading down here.
You see here a rat corpse.
No target in view!
No target in view!
No target in view!
A goblin comes into view.
It is wielding a +0 dagger of electrocution.
The goblin shouts!
The goblin hits you but does no damage.
You are electrocuted!!
Ouch! That really hurt!
You completely miss the goblin.
The goblin hits you with a +0 dagger of electrocution.
You are electrocuted!!
Ouch! That really hurt!
You die...

###..###.....###.##...# #..#
..>...........##.##...# #..#
###..###.........##...# ....
#..............##...###...##
######.####.##............#
#.####.#####...#.#.# #
#................... . {
############.###.#.# #
#...g@.........# {
#.##############


You could see a goblin.

Vanquished Creatures
  A dart slug (D:1)
  4 ball pythons (D:1)
  An endoplasm (D:1)
  2 goblins (D:1)
  2 hobgoblins (D:1)
  2 jackals (D:1)
  A quokka (D:1)
  5 bats (D:1)
  A frilled lizard (D:1)
  2 kobolds (D:1)
  2 rats (D:1)
23 creatures vanquished.

Notes
Turn   | Place    | Note
-------+----------+-------------------------------------------
     0 | D:1      | heikuro the Formicid Fighter began the quest for the Orb.
     0 | D:1      | Reached XP level 1. HP: 18/18 MP: 1/1
   147 | D:1      | Reached XP level 2. HP: 22/24 MP: 2/2
   287 | D:1      | Reached XP level 3. HP: 19/29 MP: 3/3
   746 | D:1      | Mangled by a goblin

Illustrated notes

Levels and vault maps discovered:
D:1:      dpeg_arrival_round_a, layout_loops_ring

Action                   || total
-------------------------++-------
Melee: Long sword        ||    70
Armor: Scale mail        ||    33
Dodge: Dodged            ||    30
Block: Buckler           ||    18

Table legend: (Time is in decaauts)
 A = Elapsed time spent in this place.
 B = Non-inter-level travel time spent in this place.
 C = Inter-level travel time spent in this place.
 D = Time resting spent in this place.
 E = Time spent auto-exploring this place.
 F = Levels seen in this place.
 G = Mean time per level.
                   A        B        C        D        E       F      G
               +--------+--------+--------+--------+--------+-----+--------+
         Total |    765 |    765 |      0 |    207 |    358 |   1 |  765.0 |
       Dungeon |    765 |    765 |      0 |    207 |    358 |   1 |  765.0 |
               +--------+--------+--------+--------+--------+-----+--------+

Top non-repeatable levels by time:
     D:1: 765 daAuts
